 Dungeon Sprint DCSS version 0.30-a0-1161-g0704695555 (webtiles) character file.

Game seed: 17220567779943659815

2058 sircluck the Severer (level 9, -20/96 HPs)
             Began as a Hill Orc Berserker on Apr 27, 2023.
             Was a High Priest of Trog.
             Killed from afar by a war gargoyle (26 damage)
             ... with a spray of metal splinters
             ... in the Dungeon (Sprint VII: "The Pits").
             The game lasted 00:02:56 (932 turns).

sircluck the Severer (Hill Orc Berserker)            Turns: 932, Time: 00:02:58

Health: -20/96     AC: 20    Str: 27    XL:     9   Next: 25%
Magic:  9/9        EV:  9    Int:  7    God:    Trog [*****.]
Gold:   0          SH:  0    Dex: 13    Spells: 8/8 levels left

rFire   . . .        o - +4 battleaxe
rCold   . . .        (shield currently unavailable)
rNeg    . . .        u - +3 plate armour
rPois   .            t - +0 helmet
rElec   .            (no cloak)
rCorr   .            (no gloves)
SInv    .            v - +0 pair of boots
Will    .....        (no amulet) Stlth
                     p - +3 ring of dexterity
HPRegen 0.36/turn    q - +3 ring of strength
MPRegen 0.11/turn

%: no teleportation
@: on berserk cooldown, slowed, very slow
A: no striking features
a: Renounce Religion, Berserk, Trog's Hand, Brothers in Arms


You were in the Dungeon.
You worshipped Trog.
Trog was extremely pleased with you.
You visited 1 branch

Inventory:

Hand Weapons
 a - a +0 hand axe
 l - a +2 hand axe
 m - a +2 heavy hand axe
 o - a +4 battleaxe (weapon)
 s - a +2 war axe of freezing
Missiles
 k - 10 stones (quivered)
Armour
 b - a +0 animal skin
 n - a +3 chain mail
 t - a +0 helmet (worn)
 u - a +3 plate armour (worn)
 v - a +0 pair of boots (worn)
Jewellery
 p - a +3 ring of dexterity (left hand)
 q - a +3 ring of strength (right hand)
Potions
 c - 5 potions of curing
 d - 8 potions of heal wounds
 e - 3 potions of haste
 f - 4 potions of magic
 g - 4 potions of berserk rage
 i - 2 potions of invisibility
 r - 3 potions of might


   Skills:
 + Level 14.5 Fighting
 + Level 16.9 Axes
 + Level 9.6 Armour
 + Level 5.2 Dodging
 + Level 1.2 Stealth


You had 8 spell levels left.
You didn't know any spells.
Your spell library was empty.

Dungeon Overview and Level Annotations

Branches:
Dungeon (1/1)

Altars:
Ashenzari
Cheibriados
Dithmenos
Elyvilon
Fedhas
Gozag
Hepliaklqana
Kikubaaqudgha
Makhleb
Nemelex Xobeh
Okawaru
Qazlal
Ru
Sif Muna
Trog
Uskayaw
Vehumet
Wu Jian
Xom
Yredelemnul
Zin
The Shining One
Beogh
Jiyva
Lugonu


Message History

Your Armour skill gained 2 levels and is now at level 9!
You have reached level 9!
Your experience leads to an increase in your attributes!
Your base attributes are Str 22, Int 7, Dex 10.
Increase (S)trength, (I)ntelligence, or (D)exterity?
You feel stronger. x2
You chop the fire bat into pieces!!!
You kill the fire bat!
Trog accepts your kill.
The war gargoyle hits you with a +4 vampiric morningstar.
You hit the war gargoyle but do no damage.
The war gargoyle hits you with a +4 vampiric morningstar!
You hit the war gargoyle but do no damage.
The war gargoyle launches metal splinters at you.
The spray of metal splinters hits you but does no damage.
You hear a screech!
You hit the war gargoyle.
The war gargoyle is lightly damaged.
You hear a skittering sound.
You hear a shout! x2
A minotaur comes into view. It is wielding a +0 rapier of freezing.
The war gargoyle launches metal splinters at you.
The spray of metal splinters hits you!!
* * * LOW HITPOINT WARNING * * *
You are no longer berserk.
You are exhausted.
You feel as though you will be slow longer.
The war gargoyle hits you with a +4 vampiric morningstar!
* * * LOW HITPOINT WARNING * * *
The war gargoyle draws strength from your wounds!
There is an open door, spattered with blood here.
Blink to where?
Press: ? - help, Q - select action, (/) - cycle Dir - move target
As you read the scroll of blinking, it crumbles to dust.
Read: scroll of summoning
Press: ? - help, Q - select action, (/) - cycle Dir - look around, f - activate
As you read the scroll of summoning, it crumbles to dust.
Wisps of shadow whirl around you...
The war gargoyle launches metal splinters at you.
The spray of metal splinters hits you!!
You die...

#..# ## #..##H# #..#.# #..H#|#
#..#.#.# #.9##.#.#
#..###############
#############x................
#_________.##x@...............
#_________.###########''######
#_______...###########''######
##########'##................#
#.?..')))'.##......#..#......#
##########.##................+
#..........)'................+
#'#####'#####......#..#......#
#.#..#..#).##................#


You could see a minotaur, a war gargoyle (catching breath, ally target) and 2
friendly small abominations.

Vanquished Creatures
  An eidolon (D)
  A deep elf zephyrmancer (D)
  A shadow (D)
  A fire bat (D)
  A warg (D)
  A water moccasin (D)
  A floating eye (D)
  An ogre (D)
  A bullfrog (D)
  2 scorpions (D)
  An iron imp (D)
  Jessica (D)
  A gnoll (D)
  A white imp (D)
  An adder zombie (D)
  An orc (D)
  A bat (D)
  A bat skeleton (D)
  An endoplasm (D)
  A giant cockroach (D)
  A goblin (D)
  A hobgoblin (D)
  2 jackals (D)
  A quokka (D)
  2 frilled lizards (D)
28 creatures vanquished.

Notes
Turn   | Place    | Note
-------+----------+-------------------------------------------
     0 | D        | sircluck the Hill Orc Berserker began the quest for the
                  | Orb.
     0 | D        | Reached XP level 1. HP: 19/19 MP: 1/1
    70 | D        | Found a bloodstained altar of Trog.
    70 | D        | Found a shimmering blue altar of Sif Muna.
    70 | D        | Found a viscous altar of Jiyva.
    70 | D        | Found a hazy altar of Hepliaklqana.
    70 | D        | Found an opulent altar of Gozag.
    71 | D        | Found a glowing golden altar of the Shining One.
    71 | D        | Found a glowing silver altar of Zin.
    71 | D        | Found a basalt altar of Yredelemnul.
    71 | D        | Found a shimmering altar of Xom.
    71 | D        | Found an ornate altar of the Wu Jian Council.
    71 | D        | Found a sacrificial altar of Ru.
    71 | D        | Found a stormy altar of Qazlal.
    71 | D        | Found an iron altar of Okawaru.
    71 | D        | Found a sparkling altar of Nemelex Xobeh.
    71 | D        | Found a burning altar of Makhleb.
    71 | D        | Found a blossoming altar of Fedhas.
    71 | D        | Found a white marble altar of Elyvilon.
    71 | D        | Found a shadowy altar of Dithmenos.
    71 | D        | Found a snail-covered altar of Cheibriados.
    73 | D        | Found a radiant altar of Vehumet.
    73 | D        | Found a corrupted altar of Lugonu.
    73 | D        | Found a roughly hewn altar of Beogh.
    74 | D        | Found a hide-covered altar of Uskayaw.
    74 | D        | Found an ancient bone altar of Kikubaaqudgha.
    74 | D        | Found a broken altar of Ashenzari.
   104 | D        | Noticed a scorpion
   110 | D        | Reached ** piety under Trog
   111 | D        | Reached skill level 5 in Axes
   111 | D        | Reached XP level 2. HP: 13/28 MP: 2/2
   111 | D        | Killed a scorpion
   112 | D        | Reached skill level 7 in Axes
   112 | D        | Reached XP level 3. HP: 15/38 MP: 3/3
   112 | D        | Reached XP level 4. HP: 18/45 MP: 4/4
   249 | D        | Noticed a floating eye
   250 | D        | Noticed a scorpion
   255 | D        | Killed a floating eye
   256 | D        | Reached skill level 10 in Axes
   256 | D        | Reached XP level 5. HP: 56/56 MP: 5/5
   263 | D        | Reached *** piety under Trog
   264 | D        | Reached XP level 6. HP: 64/64 MP: 6/6
   343 | D        | Reached **** piety under Trog
   350 | D        | Reached skill level 10 in Fighting
   350 | D        | Reached skill level 11 in Axes
   355 | D        | Reached ***** piety under Trog
   401 | D        | Noticed Jessica
   404 | D        | Killed Jessica
   405 | D        | Reached skill level 5 in Armour
   420 | D        | Noticed a deep elf zephyrmancer
   425 | D        | Killed a deep elf zephyrmancer
   426 | D        | Reached skill level 14 in Axes
   426 | D        | Reached XP level 7. HP: 78/78 MP: 7/7
   428 | D        | Noticed a warg
   433 | D        | Killed a warg
   433 | D        | Received a gift from Trog
   434 | D        | Reached XP level 8. HP: 59/85 MP: 8/8
   439 | D        | Reached skill level 1 in Stealth
   451 | D        | Noticed a shadow
   463 | D        | Reached skill level 15 in Axes
   463 | D        | Reached skill level 5 in Dodging
   465 | D        | Killed a shadow
   918 | D        | Noticed an eidolon
   918 | D        | Noticed a guardian mummy
   921 | D        | Noticed a war gargoyle
   925 | D        | Killed an eidolon
   926 | D        | Reached skill level 16 in Axes
   926 | D        | Reached XP level 9. HP: 75/96 MP: 9/9
   929 | D        | Noticed a minotaur
   932 | D        | Killed from afar by a war gargoyle

Illustrated notes

Levels and vault maps discovered:
D:        pitsprint [storerooms_1, entrance_room_1, metal_vault_2, armoury_1,
          mini_pit_1, grid_room_1, main_hall_1, silver_pit, the_coven_3,
          the_vestibule_1, steel_vault_2, golden_pit, hallway_of_sentries,
          crystal_vault_1, iron_vault_4, final_vault]

Skill      XL: |  1  2  3  4  5  6  7  8 |
---------------+-------------------------+-----
Fighting       | 4 6 8 9 12 14 | 14.5
Axes           | 5 7 10 14 16 | 16.9
Dodging        | 2 3 4 5 |  5.2
Armour         | 3 4 6 9 |  9.6
Stealth        | 1 |  1.2

Action                     |  1- 3 |  4- 6 |  7- 9 || total
---------------------------+-------+-------+-------++-------
  Melee: Hand axe          |     9 |    43 |    12 ||    64
         Battleaxe         |       |       |    19 ||    19
 Invoke: Berserk           |     1 |     1 |     1 ||     3
    Use: Potion            |       |       |     3 ||     3
         Scroll            |       |       |     2 ||     2
 Armour: Chain mail        |       |    13 |    15 ||    28
         Plate armour      |       |       |     6 ||     6
  Dodge: Dodged            |     9 |    21 |    20 ||    50

Table legend: (Time is in decaauts)
 A = Elapsed time spent in this place.
 B = Non-inter-level travel time spent in this place.
 C = Inter-level travel time spent in this place.
 D = Time resting spent in this place.
 E = Time spent auto-exploring this place.
 F = Levels seen in this place.
 G = Mean time per level.
                   A        B        C        D        E       F      G
               +--------+--------+--------+--------+--------+-----+--------+
         Total |    946 |    938 |      8 |    458 |    170 |   1 |  946.0 |
       Dungeon |    946 |    938 |      8 |    458 |    170 |   1 |  946.0 |
               +--------+--------+--------+--------+--------+-----+--------+

Top non-repeatable levels by time:
       D: 946 daAuts
